 Dungeon Crawl Stone Soup version 0.28-a0-1486-g8196b01e9b (webtiles) character file.

Game seed: 2684111533320629853

1386 McIrco the Protected (level 8, 0/71 HPs)
             Began as a Minotaur Fighter on Jan 12, 2022.
             Was an Initiate of Gozag.
             Slain by a rust devil (3 damage)
             ... on level 7 of the Dungeon.
             The game lasted 00:12:08 (7169 turns).

McIrco the Protected (Minotaur Fighter)             Turns: 7169, Time: 00:12:09

Health: 0/71       AC: -2    Str: 23    XL:     8   Next: 40%
Magic:  7/7        EV:  6    Int:  5    God:    Gozag
Gold:   129        SH:  5    Dex: 10    Spells: 7/7 levels left

rFire   . . .      SeeInvis .   i - +2 war axe (elec)
rCold   + . .      Faith    .   c - +0 buckler
rNeg    . . .      Spirit   .   g - +0 plate armour
rPois   +          Reflect  .   (helmet restricted)
rElec   .          Harm     .   I - +1 cloak {rPois}
rCorr   .          Rampage  .   (no gloves)
Will    .....                   w - +0 pair of boots
Stlth   ..........              (no amulet)
HPRegen 0.21/turn               r - ring of protection from cold
MPRegen 0.10/turn               (no ring)

@: mighty, corroded, invisible
A: horns 2, retaliatory headbutt
a: Renounce Religion, Potion Petition, Call Merchant, Bribe Branch


You were on level 7 of the Dungeon.
You worshipped Gozag.
Gozag was aware of your devotion.
You visited 2 branches of the dungeon, and saw 9 of its levels.

You collected 462 gold pieces.
You spent 217 gold pieces at shops.
You paid 116 gold pieces to Gozag.

Inventory:

Hand Weapons
 a - a +0 war axe
 i - a +2 war axe of electrocution (weapon)
Missiles
 G - a throwing net (quivered)
Armour
 b - a +0 scale mail
 c - a +0 buckler (worn)
 g - a +0 plate armour (worn)
 k - an orb of guile
 l - a +0 cloak
 w - a +0 pair of boots (worn)
 I - a +1 cloak of poison resistance (worn)
 K - an orb of energy
Jewellery
 r - a ring of protection from cold (left hand)
 s - a ring of see invisible
 x - a +4 ring of protection
 A - a ring of resist corrosion
 D - an amulet of magic regeneration
 E - a ring of wizardry
Wands
 n - a wand of mindburst (10)
 t - a wand of iceblast (5)
 B - a wand of paralysis (5)
 F - a wand of digging (4)
Scrolls
 e - a scroll of fog
 f - 2 scrolls of identify
 h - a scroll of acquirement {unknown}
 j - 2 scrolls of magic mapping
 m - 3 scrolls of teleportation
 q - a scroll of noise
 u - a scroll of vulnerability {unknown}
 y - 2 scrolls of immolation
 C - a scroll of blinking {unknown}
 H - a scroll of torment {unknown}
 J - 3 scrolls of summoning {unknown}
 L - a scroll of silence {unknown}
 M - a scroll of brand weapon {unknown}
Potions
 o - a potion of invisibility
 p - a potion of brilliance
 z - a potion of cancellation


   Skills:
 + Level 6.8 Fighting
 + Level 5.9 Axes
 * Level 9.0 Armour
 + Level 6.1 Shields


You had 7 spell levels left.
You didn't know any spells.
Your spell library contained the following spells:

 Spells                   Type           Power      Damage    Failure   Level
 Slow                     Hex            0%         N/A       100%        1
 Call Canine Familiar     Summ           0%         N/A       100%        3
 Confusing Touch          Hex            0%         N/A       100%        3
 Dazzling Flash           Conj/Hex       0%         N/A       100%        3
 Portal Projectile        Hex/Tloc       0%         N/A       100%        3
 Vampiric Draining        Necr           0%         2d6       100%        3
 Iskenderun's Mystic Bla  Conj/Tloc      0%         2d3       100%        4
 Leda's Liquefaction      Hex/Erth       0%         N/A       100%        4
 Starburst                Conj/Fire      0%         6d3       100%        6


Dungeon Overview and Level Annotations

Branches:
Dungeon (8/15)             Temple (1/1) D:7
   Lair: D:8-11

Altars:
Gozag
Kikubaaqudgha
Makhleb
Nemelex Xobeh
Qazlal
Ru
Trog
Uskayaw
Vehumet
Yredelemnul
Zin
The Shining One

Shops:
D:2 [

Annotations:
D:8 Erica, Gastronok


Innate Abilities, Weirdness & Mutations

You have a pair of horns on your head.
You reflexively headbutt those who attack you in melee.


Message History

You hit the orc warrior but do no damage.
You headbutt the orc warrior.
The orc warrior is almost dead.
You hit the rust devil but do no damage.
You hit the rust devil. The rust devil barely misses you.
You furiously retaliate!
You headbutt the rust devil.
The orc warrior hits you from afar with a +0 halberd.
The orc warrior hits you with a +0 flail.
The rust devil hits you. The rust devil corrodes you!
You hit the orc warrior but do no damage.
The orc warrior is almost dead.
You hit the rust devil but do no damage.
You hit the rust devil. The rust devil hits you. The rust devil corrodes you!
The orc warrior barely misses you.
The orc warrior hits you with a +0 flail.
The rust devil hits you! The rust devil corrodes you!
Unknown command.
You fade into invisibility!
The rust devil hits you. The rust devil corrodes you!
You block the orc warrior's attack.
The orc warrior hits you with a +0 flail!
* * * LOW HITPOINT WARNING * * *
The rust devil hits you.
* * * LOW HITPOINT WARNING * * *
The rust devil corrodes you!
Unknown command.
Unknown command.
You feel very mighty all of a sudden. You block the rust devil's attack.
The orc warrior barely misses you. x2
You furiously retaliate!
You headbutt the orc warrior, but do no damage.
The rust devil closely misses you.
Unknown command.
Unknown command.
You slash the rust devil!
The rust devil is moderately wounded.
You hit the orc warrior. You barely miss the rust devil.
The rust devil hits you.
You die...
Your body crumbles into a pile of gold.

####.### ##...###...## #.#
#......# #..###∩###..# #.#
#.##.#.###.##♣...♣##.## #.#
#.##.#.##..#).....)#..# #.#
#.##......###.....###.# #.#
#.####.##.# +..8..+ #.######.#
#.# #.##.###..o..###........#
#.####.##..#).44..)#...#######
#......###.##♣o@.♣##)..#
######## #..###>###.)###
##...###...## #######.......#
#......##.##.##
###.###..##.##.#####
##.#.##.............#
##....##...##.######.#
#..........#...## #.######


You could see 2 rust devils and 2 orc warriors.

Vanquished Creatures
  2 black bears
  A phantom (D:5)
  2 bullfrogs (D:7)
  3 killer bees (D:7)
  A howler monkey (D:5)
  A centaur skeleton (D:5)
  4 orc priests
  4 hounds
  A bullfrog skeleton (D:5)
  Natasha (thrice) (D:2)
  5 orc wizards
  2 iguanas
  A hound skeleton (D:4)
  7 gnolls
  6 adders
  A shadow imp (D:5)
  A white imp (D:7)
  An ufetubus (D:6)
  2 worms
  3 dart slugs
  25 orcs
  6 ball pythons
  7 endoplasms
  4 giant cockroaches
  4 goblins
  6 hobgoblins
  3 jackals (D:3)
  2 kobolds
  6 quokkas
  3 bats
  2 frilled lizards
  5 rats
124 creatures vanquished.

Vanquished Creatures (others)
  14 fungi
  2 plants (D:1)
16 creatures vanquished.

Grand Total: 140 creatures vanquished

Notes
Turn   | Place    | Note
-------+----------+-------------------------------------------
     0 | D:1      | McIrco the Minotaur Fighter began the quest for the Orb.
     0 | D:1      | Reached XP level 1. HP: 19/19 MP: 0/0
   140 | D:1      | Reached XP level 2. HP: 27/27 MP: 1/1
   218 | D:1      | Reached skill level 4 in Armour
   417 | D:1      | Found a faded altar of an unknown god.
   826 | D:2      | Reached XP level 3. HP: 33/33 MP: 2/2
   967 | D:2      | Noticed Natasha
   971 | D:2      | Killed Natasha
   996 | D:2      | Noticed Natasha
  1001 | D:2      | Killed Natasha
  1002 | D:2      | Reached XP level 4. HP: 41/41 MP: 3/3
  1299 | D:2      | Found Ifasuz's Antique Armour Emporium.
  1575 | D:2      | Noticed Natasha
  1582 | D:2      | Killed Natasha
  1583 | D:2      | Reached skill level 5 in Armour
  1760 | D:3      | Reached skill level 5 in Fighting
  1760 | D:3      | Reached XP level 5. HP: 38/48 MP: 4/4
  1971 | D:3      | Found a bloodstained altar of Trog.
  2213 | D:3      | Found a sacrificial altar of Ru.
  2322 | D:3      | Found a hide-covered altar of Uskayaw.
  2515 | D:4      | Found a stormy altar of Qazlal.
  2578 | D:4      | Reached skill level 5 in Shields
  3137 | D:5      | Entered Level 5 of the Dungeon
  3337 | D:5      | Noticed a phantom
  3438 | D:5      | Killed a phantom
  3439 | D:5      | Reached skill level 6 in Armour
  3439 | D:5      | Reached XP level 6. HP: 20/56 MP: 5/5
  4165 | D:5      | Reached skill level 7 in Armour
  4178 | D:5      | Reached XP level 7. HP: 63/63 MP: 6/6
  5346 | D:6      | Reached skill level 8 in Armour
  5553 | D:7      | Reached XP level 8. HP: 69/71 MP: 7/7
  5708 | D:7      | Found a staircase to the Ecumenical Temple.
  5722 | Temple   | Entered the Ecumenical Temple
  5743 | Temple   | Became a worshipper of Gozag Ym Sagoz the Greedy
  5950 | D:2      | Bought an embroidered cloak for 217 gold pieces
  6166 | D:7      | Reached skill level 5 in Axes
  6744 | D:8      | Noticed Erica
  6816 | D:8      | Noticed Gastronok
  6839 | D:7      | Reached skill level 9 in Armour
  7160 | D:7      | Noticed a rust devil
  7160 | D:7      | Noticed a rust devil
  7167 | D:7      | HP: 3/71 [rust devil (5)]
  7169 | D:7      | Slain by a rust devil

Illustrated notes

Levels and vault maps discovered:
D:1:      erik_arrival_triangle_medium, layout_basic,
          shapermc_ecumenical_altar_mp_ritualfount, minmay_cupped
D:2:      layout_loops_ring, serial_shops,
          nicolae_shop_temple_entry_statues_fountains, uniq_natasha
D:3:      layout_loops_ring, mainiacjoe_overflow_surrounded_room,
          mainiacjoe_overflow_chevrons, mainiacjoe_overflow_small_starburst
D:4:      layout_rooms, mainiacjoe_overflow_catwalk
D:5:      layout_basic
D:6:      layout_loops_corners, serial_aquarium, aquarium_bridge_island_small
          [aquarium_subvault_small_water, aquarium_subvault_window,
          aquarium_subvault_balcony, aquarium_subvault_wall,
          aquarium_subvault_bridge], aquarium_window_fake, aquarium_window_3,
          aquarium_window_1, aquarium_window_corner, aquarium_view_2e,
          kennysheep_generic_room_3
D:7:      cheibrodos_iron_armory, layout_loops_corners,
          minmay_temple_entry_drinking_statues
D:8:      layout_cave_pods, fountainhead, uniq_erica, uniq_prince_ribbit1,
          uniq_gastronok
Temple:   regret_index_temple_mists

Skill      XL: |  1  2  3  4  5  6  7  8 |
---------------+-------------------------+-----
Shields        | 4 5 6 |  6.1
Armour         | 4 5 6 7 8 9 |  9.0
Fighting       | 4 5 6 |  6.8
Axes           | 4 5 |  5.9

Action                   |  1- 3 |  4- 6 |  7- 9 || total
-------------------------+-------+-------+-------++-------
Melee: War axe           |    40 |   195 |    98 ||   333
       Headbutt          |     4 |    19 |    12 ||    35
Evoke: Wand              |       |     4 |       ||     4
  Use: Potion            |       |     1 |     6 ||     7
       Scroll            |       |       |     9 ||     9
Armor: Scale mail        |     9 |    19 |       ||    28
       Plate armour      |       |   107 |    82 ||   189
       Skin              |       |     5 |       ||     5
Dodge: Dodged            |    18 |    70 |    52 ||   140
Block: Buckler           |    10 |    41 |    43 ||    94

Table legend: (Time is in decaauts)
 A = Elapsed time spent in this place.
 B = Non-inter-level travel time spent in this place.
 C = Inter-level travel time spent in this place.
 D = Time resting spent in this place.
 E = Time spent auto-exploring this place.
 F = Levels seen in this place.
 G = Mean time per level.
                   A        B        C        D        E       F      G
               +--------+--------+--------+--------+--------+-----+--------+
         Total |   7328 |   6798 |    530 |    779 |   4954 |   9 |  814.2 |
       Dungeon |   7275 |   6770 |    505 |    779 |   4941 |   8 |  909.4 |
        Temple |     53 |     28 |     25 |      0 |     13 |   1 |   53.0 |
               +--------+--------+--------+--------+--------+-----+--------+

Top non-repeatable levels by time:
     D:6: 1410 daAuts
     D:7: 1374 daAuts
     D:5: 1008 daAuts
     D:2: 995 daAuts
     D:3: 839 daAuts
     D:1: 824 daAuts
     D:4: 791 daAuts
  Temple: 53 daAuts
     D:8: 31 daAuts
